[Event "Live Chess"]
[Site "Chess.com"]
[Date "2011.01.27"]
[Round "-"]
[White "hipposcottimus"]
[Black "mushfiq_aliyev"]
[Result "1-0"]
[CurrentPosition "8/pbN3R1/1p3B1p/7R/8/7k/PP5r/5K2 b - -"]
[Timezone "UTC"]
[ECO "C55"]
[ECOUrl "https://www.chess.com/openings/Italian-Game-Anti-Fried-Liver-Defense"]
[UTCDate "2011.01.27"]
[UTCTime "23:09:49"]
[WhiteElo "1435"]
[BlackElo "1209"]
[TimeControl "600"]
[Termination "hipposcottimus won by checkmate"]
[StartTime "23:09:49"]
[EndDate "2011.01.27"]
[EndTime "23:24:30"]
[Link "https://www.chess.com/game/live/92071417"]

1. e4 e5 2. Nf3 Nc6 3. Bc4 h6 4. d4 exd4 5. Nxd4 Ne5 6. Bb3 Bc5 7. O-O Bxd4 8. Qxd4 d6 9. f4 c5 10. Bxf7+ Nxf7 11. Qxg7 Qf6 12. Qg3 Ne7 13. Nc3 Qd4+ 14. Be3 Qf6 15. e5 dxe5 16. Bxc5 Rg8 17. Bxe7 Rxg3 18. Bxf6 exf4 19. Rxf4 Re3 20. Nd5 Re2 21. Nc7+ Kf8 22. Nxa8 Rxc2 23. Rd1 Ng5 24. Bxg5+ Kg7 25. Bf6+ Kg6 26. Bc3 b6 27. Nc7 Bb7 28. Rd7 Rxg2+ 29. Kf1 Rxh2 30. Rg7+ Kh5 31. Rf5+ Kh4 32. Bf6+ Kh3 33. Rh5# 1-0

[Event "Live Chess"]
[Site "Chess.com"]
[Date "2011.01.27"]
[Round "-"]
[White "Nokasparov"]
[Black "hipposcottimus"]
[Result "0-1"]
[CurrentPosition "5rk1/6p1/pbp2q1p/3p2N1/6QK/3P2P1/P6P/8 w - -"]
[Timezone "UTC"]
[ECO "C65"]
[ECOUrl "https://www.chess.com/openings/Ruy-Lopez-Opening-Berlin-Defense-4.d3-d6"]
[UTCDate "2011.01.27"]
[UTCTime "23:00:51"]
[WhiteElo "1237"]
[BlackElo "1430"]
[TimeControl "600"]
[Termination "hipposcottimus won by resignation"]
[StartTime "23:00:51"]
[EndDate "2011.01.27"]
[EndTime "23:09:23"]
[Link "https://www.chess.com/game/live/92068939"]

1. e4 e5 2. Nf3 Nc6 3. Bb5 Nf6 4. d3 d6 5. Nc3 a6 6. Bxc6+ bxc6 7. Bg5 Be7 8. Bxf6 Bxf6 9. O-O O-O 10. d4 d5 11. exd5 e4 12. Ne5 cxd5 13. Nc6 Qd6 14. Ne5 Bd8 15. f3 f6 16. Ng4 c6 17. fxe4 Bxg4 18. Qxg4 Bc7 19. e5 fxe5 20. Rxf8+ Rxf8 21. g3 Bb6 22. Ne2 Qf6 23. Kg2 exd4 24. Nf4 d3 25. cxd3 Qxb2+ 26. Kh3 Qxa1 27. Ne6 Qf1+ 28. Kh4 Qf6+ 29. Ng5 h6 0-1

[Event "Live Chess"]
[Site "Chess.com"]
[Date "2011.01.27"]
[Round "-"]
[White "hipposcottimus"]
[Black "Yuselfo"]
[Result "1-0"]
[CurrentPosition "8/1p6/p4kR1/P1p2n1P/2Pp4/3K4/5P2/8 b - -"]
[Timezone "UTC"]
[ECO "C55"]
[ECOUrl "https://www.chess.com/openings/Italian-Game-Anti-Fried-Liver-Defense"]
[UTCDate "2011.01.27"]
[UTCTime "15:15:06"]
[WhiteElo "1430"]
[BlackElo "1524"]
[TimeControl "600"]
[Termination "hipposcottimus won on time"]
[StartTime "15:15:06"]
[EndDate "2011.01.27"]
[EndTime "15:35:03"]
[Link "https://www.chess.com/game/live/91932392"]

1. e4 e5 2. Nf3 Nc6 3. Bc4 h6 4. d4 d6 5. Be3 f5 6. d5 Nce7 7. Nc3 f4 8. Bd2 Nf6 9. Qe2 Bd7 10. Bb5 a6 11. Bxd7+ Nxd7 12. g3 g5 13. gxf4 exf4 14. e5 Nf5 15. e6 Nf6 16. Qd3 Ne7 17. Qd4 Bg7 18. Bxf4 Nf5 19. Qd2 gxf4 20. Qxf4 Ne7 21. O-O-O Rf8 22. Rhg1 Nfxd5 23. Nxd5 Nxd5 24. Qg4 Bxb2+ 25. Kxb2 Qf6+ 26. Kc1 Qf4+ 27. Qxf4 Nxf4 28. Rde1 Ke7 29. Nh4 Rg8 30. Nf5+ Kf6 31. Rxg8 Rxg8 32. Nxh6 Rg7 33. Ng4+ Ke7 34. Ne3 Nxe6 35. Nf5+ Kf6 36. Nxg7 Nxg7 37. Kd2 Nf5 38. Kd3 c5 39. a4 d5 40. c4 d4 41. Rb1 Nd6 42. a5 Kf5 43. Rg1 Kf6 44. h4 Nf5 45. h5 Ke5 46. Rg5 Kf6 47. Rg6+ 1-0

[Event "Live Chess"]
[Site "Chess.com"]
[Date "2011.01.27"]
[Round "-"]
[White "khongsochet"]
[Black "hipposcottimus"]
[Result "1-0"]
[CurrentPosition "5r2/ppp5/8/2Q5/2k1B3/2P1B3/PP4PP/R4R1K b - -"]
[Timezone "UTC"]
[ECO "C31"]
[ECOUrl "https://www.chess.com/openings/Kings-Gambit-Declined-Falkbeer-Blackburne-Attack"]
[UTCDate "2011.01.27"]
[UTCTime "04:08:06"]
[WhiteElo "1980"]
[BlackElo "1596"]
[TimeControl "60"]
[Termination "khongsochet won by checkmate"]
[StartTime "04:08:06"]
[EndDate "2011.01.27"]
[EndTime "04:09:37"]
[Link "https://www.chess.com/game/live/91789218"]

1. e4 e5 2. f4 d5 3. Nf3 dxe4 4. Nxe5 Bd6 5. Bc4 Bxe5 6. fxe5 f6 7. O-O fxe5 8. Qh5+ g6 9. Qxe5+ Ne7 10. Qxh8+ Kd7 11. Qd4+ Ke8 12. Bf7+ Kf8 13. Qh8+ Ng8 14. Qxg8+ Ke7 15. Qxh7 Qd4+ 16. Kh1 Be6 17. Bxg6+ Kd6 18. Nc3 Nc6 19. Nxe4+ Qxe4 20. Bxe4 Ne5 21. d4 Bf5 22. dxe5+ Kxe5 23. Qxf5+ Kd4 24. c3+ Kc4 25. Be3 Rf8 26. Qc5# 1-0

[Event "Live Chess"]
[Site "Chess.com"]
[Date "2011.01.27"]
[Round "-"]
[White "hipposcottimus"]
[Black "khongsochet"]
[Result "1-0"]
[CurrentPosition "8/8/6Q1/3P3p/7k/6p1/P4R1P/R6K b - -"]
[Timezone "UTC"]
[ECO "C41"]
[ECOUrl "https://www.chess.com/openings/Philidor-Defense"]
[UTCDate "2011.01.27"]
[UTCTime "04:05:06"]
[WhiteElo "1596"]
[BlackElo "1980"]
[TimeControl "60"]
[Termination "hipposcottimus won on time"]
[StartTime "04:05:06"]
[EndDate "2011.01.27"]
[EndTime "04:07:28"]
[Link "https://www.chess.com/game/live/91788566"]

1. e4 d6 2. Nf3 e5 3. d4 Nc6 4. Bb5 Bd7 5. d5 Nce7 6. Bc4 f5 7. Bb3 fxe4 8. Ng5 Ng6 9. Nxe4 Nf6 10. Bg5 Be7 11. Bxf6 Bxf6 12. O-O O-O 13. Qh5 Kh8 14. Nbd2 Nf4 15. Qf3 a5 16. c4 a4 17. Bc2 b5 18. b3 axb3 19. Bxb3 bxc4 20. Bxc4 Ng6 21. Bb3 Ne7 22. Bc2 Nf5 23. Nxf6 Rxf6 24. Qe4 g6 25. g4 Nd4 26. g5 Rf8 27. Bd3 Bf5 28. Qe3 Bxd3 29. Qxd3 Nf3+ 30. Nxf3 e4 31. Qxe4 Ra4 32. Qxa4 Rxf3 33. Qd4+ Kg8 34. Qe4 Qxg5+ 35. Kh1 Rf4 36. Qg2 Kg7 37. Qxg5 Rxf2 38. Qe7+ Kh6 39. Qxc7 Kh5 40. Rxf2 g5 41. Qxd6 g4 42. Qf8 Kh4 43. Qf7 h5 44. Qh7 g3 45. Qg6 1-0

[Event "Live Chess"]
[Site "Chess.com"]
[Date "2011.01.27"]
[Round "-"]
[White "hipposcottimus"]
[Black "DarkAge86"]
[Result "1-0"]
[CurrentPosition "3r1k1r/p3nQbp/1p1p2p1/1B2q3/4b3/8/PP5P/R3KR2 b Q -"]
[Timezone "UTC"]
[ECO "C00"]
[ECOUrl "https://www.chess.com/openings/French-Defense-Normal-Variation"]
[UTCDate "2011.01.27"]
[UTCTime "04:02:50"]
[WhiteElo "1596"]
[BlackElo "1453"]
[TimeControl "60"]
[Termination "hipposcottimus won by checkmate"]
[StartTime "04:02:50"]
[EndDate "2011.01.27"]
[EndTime "04:04:19"]
[Link "https://www.chess.com/game/live/91788156"]

1. e4 e6 2. d4 g6 3. c4 Bg7 4. e5 d6 5. f4 dxe5 6. fxe5 Nc6 7. Nf3 b6 8. Be3 Bb7 9. Be2 Qe7 10. Nc3 Rd8 11. d5 exd5 12. cxd5 Nxe5 13. Bg5 Nxf3+ 14. gxf3 Qxg5 15. Bb5+ Kf8 16. Qe2 Ne7 17. Ne4 Qe5 18. d6 cxd6 19. f4 Qxf4 20. Rf1 Qe5 21. Qf3 Bxe4 22. Qxf7# 1-0

[Event "Live Chess"]
[Site "Chess.com"]
[Date "2011.01.27"]
[Round "-"]
[White "DarkAge86"]
[Black "hipposcottimus"]
[Result "1-0"]
[CurrentPosition "4R3/1p3kpp/p7/8/3q4/1PPn2P1/2K1Q2P/8 b - -"]
[Timezone "UTC"]
[ECO "A00"]
[ECOUrl "https://www.chess.com/openings/Vant-Kruijs-Opening-1...e5"]
[UTCDate "2011.01.27"]
[UTCTime "04:00:26"]
[WhiteElo "1458"]
[BlackElo "1591"]
[TimeControl "60"]
[Termination "DarkAge86 won on time"]
[StartTime "04:00:26"]
[EndDate "2011.01.27"]
[EndTime "04:02:33"]
[Link "https://www.chess.com/game/live/91787594"]

1. e3 e5 2. b3 d5 3. Bb2 Nc6 4. g3 Bd6 5. Ne2 f6 6. Bg2 Nge7 7. d3 Be6 8. Nbc3 O-O 9. Nb5 a6 10. Nxd6 cxd6 11. e4 d4 12. f4 f5 13. fxe5 fxe4 14. exd6 Qxd6 15. Bxe4 Bf5 16. Bxf5 Rxf5 17. Qd2 Re5 18. O-O-O Nd5 19. Rde1 Ndb4 20. Ba3 Nxa2+ 21. Kb1 Ncb4 22. Nxd4 Qxd4 23. Bxb4 Nxb4 24. Rxe5 Rc8 25. Rhe1 Qb6 26. Re8+ Rxe8 27. Rxe8+ Kf7 28. Qe2 Qg1+ 29. Kb2 Qd4+ 30. c3 Nxd3+ 31. Kc2 1-0

[Event "Live Chess"]
[Site "Chess.com"]
[Date "2011.01.27"]
[Round "-"]
[White "hipposcottimus"]
[Black "DarkAge86"]
[Result "1-0"]
[CurrentPosition "2brr3/ppp2Rkp/4p1p1/4N3/3P4/2P5/PP4PP/R2Q2K1 b - -"]
[Timezone "UTC"]
[ECO "C00"]
[ECOUrl "https://www.chess.com/openings/French-Defense-Normal-Variation"]
[UTCDate "2011.01.27"]
[UTCTime "03:59:14"]
[WhiteElo "1601"]
[BlackElo "1446"]
[TimeControl "60"]
[Termination "hipposcottimus won by resignation"]
[StartTime "03:59:14"]
[EndDate "2011.01.27"]
[EndTime "04:00:05"]
[Link "https://www.chess.com/game/live/91787380"]

1. e4 e6 2. d4 g6 3. e5 Bg7 4. f4 d6 5. Nf3 Nc6 6. c3 Nge7 7. Bb5 dxe5 8. Bxc6+ Nxc6 9. fxe5 Bd7 10. O-O O-O 11. Bg5 Qe8 12. Nbd2 Rd8 13. Ne4 Bc8 14. Bf6 Nxe5 15. Nxe5 Bxf6 16. Nxf6+ Kg7 17. Nxe8+ Rfxe8 18. Rxf7+ 1-0

[Event "Live Chess"]
[Site "Chess.com"]
[Date "2011.01.27"]
[Round "-"]
[White "DarkAge86"]
[Black "hipposcottimus"]
[Result "1/2-1/2"]
[CurrentPosition "8/8/1R6/k6P/P2B2P1/1P1K4/8/8 b - a3"]
[Timezone "UTC"]
[ECO "A00"]
[ECOUrl "https://www.chess.com/openings/Vant-Kruijs-Opening-1...e5"]
[UTCDate "2011.01.27"]
[UTCTime "03:56:49"]
[WhiteElo "1451"]
[BlackElo "1596"]
[TimeControl "60"]
[Termination "Game drawn by stalemate"]
[StartTime "03:56:49"]
[EndDate "2011.01.27"]
[EndTime "03:59:00"]
[Link "https://www.chess.com/game/live/91786870"]

1. e3 e5 2. b3 e4 3. Bb2 d5 4. d3 f6 5. dxe4 dxe4 6. Qxd8+ Kxd8 7. Nd2 Nc6 8. Nxe4 f5 9. Ng5 h6 10. Nf7+ Kd7 11. Nxh8 Kd8 12. Ng6 Be6 13. Nxf8 Ke7 14. Nxe6 Kxe6 15. Bxg7 Rd8 16. Bb2 Re8 17. Nf3 Nb4 18. Nd4+ Kd5 19. Bd3 f4 20. Bc4+ Kc5 21. Ba3 fxe3 22. fxe3 Rxe3+ 23. Kd2 Kxd4 24. Bxb4 c5 25. Bxc5+ Ke4 26. Bd5+ Kxd5 27. Bxe3 Nf6 28. Rhd1 Ne4+ 29. Ke2+ Ke5 30. c4 Kf5 31. Rd5+ Ke6 32. g4 Nc3+ 33. Kd3 Nxd5 34. cxd5+ Kxd5 35. Re1 Kc6 36. Bd4 Kc7 37. Re7+ Kd6 38. Rh7 Kc6 39. Rxh6+ Kd5 40. Rh7 Ke6 41. Rxb7 Kd6 42. Rxa7 Ke6 43. h4 Kd6 44. h5 Kc6 45. Ra6+ Kb5 46. Rb6+ Ka5 47. a4 1/2-1/2

[Event "Live Chess"]
[Site "Chess.com"]
[Date "2011.01.27"]
[Round "-"]
[White "hipposcottimus"]
[Black "germangreen_15"]
[Result "1-0"]
[CurrentPosition "4Q1k1/p4ppp/3N4/3q4/8/8/PPP2PPP/5RK1 b - -"]
[Timezone "UTC"]
[ECO "C50"]
[ECOUrl "https://www.chess.com/openings/Italian-Game-3...d6-4.d4-exd4-5.Nxd4"]
[UTCDate "2011.01.27"]
[UTCTime "03:54:38"]
[WhiteElo "1599"]
[BlackElo "1597"]
[TimeControl "60"]
[Termination "hipposcottimus won by checkmate"]
[StartTime "03:54:38"]
[EndDate "2011.01.27"]
[EndTime "03:56:27"]
[Link "https://www.chess.com/game/live/91786383"]

1. e4 e5 2. Nf3 Nc6 3. Bc4 d6 4. d4 exd4 5. Nxd4 Be6 6. Nxc6 bxc6 7. Qe2 Bxc4 8. Qxc4 Qd7 9. Nc3 d5 10. exd5 Nf6 11. dxc6 Qd8 12. Be3 Bd6 13. O-O Rb8 14. Rad1 O-O 15. Bf4 Qe8 16. Bxd6 cxd6 17. Rxd6 Rd8 18. Rxd8 Qxd8 19. c7 Qc8 20. Nb5 Qb7 21. Nd6 Qd5 22. c8=Q Rxc8 23. Qxc8+ Ne8 24. Qxe8# 1-0

[Event "Live Chess"]
[Site "Chess.com"]
[Date "2011.01.27"]
[Round "-"]
[White "germangreen_15"]
[Black "hipposcottimus"]
[Result "1-0"]
[CurrentPosition "8/pp4pp/8/P7/2p5/B1P1r3/K1P1kRp1/6r1 b - -"]
[Timezone "UTC"]
[ECO "C55"]
[ECOUrl "https://www.chess.com/openings/Italian-Game-Two-Knights-Defense"]
[UTCDate "2011.01.27"]
[UTCTime "03:51:53"]
[WhiteElo "1605"]
[BlackElo "1591"]
[TimeControl "60"]
[Termination "germangreen_15 won on time"]
[StartTime "03:51:53"]
[EndDate "2011.01.27"]
[EndTime "03:54:08"]
[Link "https://www.chess.com/game/live/91785771"]

1. e4 e5 2. Nf3 Nc6 3. Bc4 Nf6 4. Bd3 d5 5. Nc3 dxe4 6. Bxe4 Bb4 7. a3 Bxc3 8. bxc3 Bg4 9. h3 Bh5 10. g4 Nxg4 11. hxg4 Bxg4 12. Bd3 f5 13. Be2 e4 14. Ng5 O-O 15. Bxg4 fxg4 16. Nxe4 Re8 17. Qe2 Qd5 18. d3 Nd8 19. Bb2 Nf7 20. O-O-O Nd6 21. Rde1 Nxe4 22. dxe4 Qg5+ 23. Kb1 c5 24. Bc1 Qe7 25. Qe3 Qc7 26. Rhg1 Qb6+ 27. Ka1 Rac8 28. Bb2 c4 29. Rb1 Qxe3 30. fxe3 Rxe4 31. Bc1 Rf8 32. Rd1 Rf3 33. Bb2 Kf7 34. a4 Kg6 35. Ba3 g3 36. a5 g2 37. Rg1 Rf2 38. Rbd1 Rxe3 39. Rd6+ Kg5 40. Rd5+ Kg6 41. Rd6+ Kg5 42. Rd5+ Kg4 43. Rd4+ Kf3 44. Rd6 Rf1+ 45. Ka2 Rxg1 46. Rf6+ Ke2 47. Rf2+ 1-0

[Event "Live Chess"]
[Site "Chess.com"]
[Date "2011.01.27"]
[Round "-"]
[White "Blocada"]
[Black "hipposcottimus"]
[Result "0-1"]
[CurrentPosition "8/5kpp/8/4B3/8/r7/p3KP2/8 w - -"]
[Timezone "UTC"]
[ECO "D11"]
[ECOUrl "https://www.chess.com/openings/Slav-Defense-Modern-Line"]
[UTCDate "2011.01.27"]
[UTCTime "03:48:48"]
[WhiteElo "1745"]
[BlackElo "1599"]
[TimeControl "60"]
[Termination "hipposcottimus won on time"]
[StartTime "03:48:48"]
[EndDate "2011.01.27"]
[EndTime "03:51:08"]
[Link "https://www.chess.com/game/live/91785133"]

1. d4 d5 2. Nf3 c6 3. c4 e6 4. Nc3 Bb4 5. a3 Bxc3+ 6. bxc3 Nf6 7. Qc2 Nbd7 8. cxd5 cxd5 9. e3 O-O 10. Bd3 a5 11. O-O b6 12. h3 Ba6 13. e4 Bxd3 14. Qxd3 dxe4 15. Qb5 exf3 16. gxf3 Nd5 17. c4 Nc7 18. Qb2 Nf6 19. Be3 Re8 20. Rad1 Nh5 21. d5 exd5 22. cxd5 Nf6 23. Bxb6 Qb8 24. d6 Ncd5 25. Bc7 Qxb2 26. d7 Nxd7 27. Rxd5 Qf6 28. Rxd7 Qg5+ 29. Kh2 Qf4+ 30. Kg1 Qxf3 31. Rfd1 Qxh3 32. Bg3 Rec8 33. Re7 Qg4 34. Rdd7 Qg6 35. Rxf7 Qxf7 36. Rxf7 Kxf7 37. Kg2 Rc3 38. Be5 Rxa3 39. Bd6 a4 40. Bxa3 Rb8 41. Bd6 Rb3 42. Be5 a3 43. Kf1 a2 44. Ke2 Ra3 0-1

[Event "Live Chess"]
[Site "Chess.com"]
[Date "2011.01.27"]
[Round "-"]
[White "hipposcottimus"]
[Black "froochie"]
[Result "1-0"]
[CurrentPosition "1q4k1/7p/6pr/5pK1/4b3/P7/8/8 b - -"]
[Timezone "UTC"]
[ECO "B20"]
[ECOUrl "https://www.chess.com/openings/Sicilian-Defense"]
[UTCDate "2011.01.27"]
[UTCTime "03:40:21"]
[WhiteElo "1603"]
[BlackElo "1295"]
[TimeControl "60+1"]
[Termination "hipposcottimus won on time"]
[StartTime "03:40:21"]
[EndDate "2011.01.27"]
[EndTime "03:43:59"]
[Link "https://www.chess.com/game/live/91783335"]

1. e4 c5 2. Bb5 a6 3. Be2 b5 4. c4 Nf6 5. cxb5 axb5 6. e5 Nd5 7. Bxb5 g6 8. Bc4 e6 9. Bxd5 exd5 10. Nf3 Bg7 11. d4 O-O 12. dxc5 Qa5+ 13. Bd2 Qxc5 14. Nc3 d4 15. Ne4 Qd5 16. Qe2 d6 17. Nxd6 Bxe5 18. Nxe5 Qxd6 19. O-O Bb7 20. Rfe1 Nc6 21. Nc4 Qd5 22. Qd3 Nb4 23. Qg3 Nc2 24. Nb6 Qh5 25. Nxa8 Nxe1 26. Rxe1 Bxa8 27. Bb4 Rc8 28. Qf4 f5 29. Qxd4 Be4 30. Qc4+ Rxc4 31. b3 Rxb4 32. a3 Rxb3 33. g4 Qxg4+ 34. Kf1 Qg2+ 35. Ke2 Rb2+ 36. Ke3 Qf3+ 37. Kd4 Rd2+ 38. Ke5 Qc3+ 39. Ke6 Rxf2 40. Kd6 Qxe1 41. Ke7 Qa5 42. Kf6 Bg2 43. Kg5 Rd2 44. h4 Be4 45. h5 Rh2 46. h6 Rh4 47. Kf6 Qd8+ 48. Ke5 Qb8+ 49. Kf6 Rxh6 50. Kg5 1-0

[Event "Live Chess"]
[Site "Chess.com"]
[Date "2011.01.27"]
[Round "-"]
[White "froochie"]
[Black "hipposcottimus"]
[Result "1-0"]
[CurrentPosition "Q5k1/2p1rppp/3q2b1/1B3P2/3P2P1/P3B2P/1PPn4/R3R1K1 b - -"]
[Timezone "UTC"]
[ECO "A04"]
[ECOUrl "https://www.chess.com/openings/Reti-Opening-Ross-Gambit-2.Nxe5"]
[UTCDate "2011.01.27"]
[UTCTime "03:37:02"]
[WhiteElo "1297"]
[BlackElo "1601"]
[TimeControl "60+1"]
[Termination "froochie won on time"]
[StartTime "03:37:02"]
[EndDate "2011.01.27"]
[EndTime "03:40:13"]
[Link "https://www.chess.com/game/live/91782581"]

1. Nf3 e5 2. Nxe5 d6 3. Nf3 Bg4 4. e4 Nf6 5. h3 Bh5 6. g4 Bg6 7. d3 Nc6 8. Be3 d5 9. Be2 dxe4 10. Nfd2 Be7 11. d4 O-O 12. O-O Qd6 13. Nc3 Nb4 14. Nc4 Qd7 15. a3 b5 16. Na5 Nc6 17. Nb7 Rab8 18. Nc5 Qd6 19. Nxb5 Qd8 20. Nxa7 Ra8 21. Nxc6 Qd6 22. Nxe7+ Qxe7 23. Nxe4 Nxe4 24. f3 Ng3 25. Re1 Qd6 26. f4 Rfe8 27. Bb5 Re7 28. Qf3 Ne4 29. f5 Nd2 30. Qxa8+ 1-0

[Event "Live Chess"]
[Site "Chess.com"]
[Date "2011.01.27"]
[Round "-"]
[White "carreraKing"]
[Black "hipposcottimus"]
[Result "0-1"]
[CurrentPosition "1r4k1/5pbp/1q3np1/p1p5/8/1p3P1P/3r1PK1/1R2R3 w - -"]
[Timezone "UTC"]
[ECO "A00"]
[ECOUrl "https://www.chess.com/openings/Vant-Kruijs-Opening-1...e5"]
[UTCDate "2011.01.27"]
[UTCTime "03:30:41"]
[WhiteElo "1158"]
[BlackElo "1418"]
[TimeControl "480"]
[Termination "hipposcottimus won by resignation"]
[StartTime "03:30:41"]
[EndDate "2011.01.27"]
[EndTime "03:36:33"]
[Link "https://www.chess.com/game/live/91781138"]

1. e3 e5 2. Nf3 e4 3. Nd4 c5 4. Nf5 d6 5. Qg4 g6 6. Qxe4+ Be7 7. Ng7+ Kf8 8. Bc4 Kxg7 9. Qf4 Nf6 10. b3 Re8 11. Bb2 Kg8 12. Qh6 Bf8 13. Qg5 Bg7 14. d3 d5 15. Bb5 Re6 16. Be5 a6 17. Ba4 b5 18. Bxb8 Rxb8 19. Nd2 bxa4 20. Nf3 Qe7 21. e4 dxe4 22. dxe4 Rxe4+ 23. Kf1 Bg4 24. h3 Bxf3 25. gxf3 Re2 26. Kg2 Rxc2 27. Rae1 Qd6 28. Qe3 Rxa2 29. Rd1 Qc6 30. Qf4 Qb6 31. Rhe1 axb3 32. Rb1 a5 33. Qd2 Rxd2 0-1

[Event "Live Chess"]
[Site "Chess.com"]
[Date "2011.01.27"]
[Round "-"]
[White "hipposcottimus"]
[Black "carreraKing"]
[Result "1-0"]
[CurrentPosition "rn1kR1B1/1bpP3p/p5p1/1p6/8/8/P4qPP/R2Q3K b - -"]
[Timezone "UTC"]
[ECO "C00"]
[ECOUrl "https://www.chess.com/openings/French-Defense-St-George-Three-Pawn-Attack"]
[UTCDate "2011.01.27"]
[UTCTime "03:25:18"]
[WhiteElo "1415"]
[BlackElo "1161"]
[TimeControl "480"]
[Termination "hipposcottimus won by checkmate"]
[StartTime "03:25:18"]
[EndDate "2011.01.27"]
[EndTime "03:30:18"]
[Link "https://www.chess.com/game/live/91779919"]

1. e4 e6 2. d4 a6 3. c4 b6 4. b4 Bb7 5. d5 exd5 6. cxd5 Be7 7. Bc4 b5 8. Bb3 Nf6 9. Nc3 g6 10. Nge2 Bxb4 11. O-O Qe7 12. Bg5 Qe5 13. f4 Qe7 14. e5 Bxc3 15. Nxc3 Qb4 16. Bxf6 Rg8 17. Ne4 Qxe4 18. Re1 Qxf4 19. e6 fxe6 20. dxe6 Qxf6 21. exd7+ Kd8 22. Bxg8 Qb6+ 23. Kh1 Qf2 24. Re8# 1-0

[Event "Live Chess"]
[Site "Chess.com"]
[Date "2011.01.27"]
[Round "-"]
[White "carreraKing"]
[Black "hipposcottimus"]
[Result "0-1"]
[CurrentPosition "6k1/p3b1pp/8/4R3/4p3/4n1P1/r6P/5rKR w - -"]
[Timezone "UTC"]
[ECO "A00"]
[ECOUrl "https://www.chess.com/openings/Anderssen-Opening-1...d5"]
[UTCDate "2011.01.27"]
[UTCTime "03:16:10"]
[WhiteElo "1164"]
[BlackElo "1412"]
[TimeControl "480"]
[Termination "hipposcottimus won by checkmate"]
[StartTime "03:16:10"]
[EndDate "2011.01.27"]
[EndTime "03:25:04"]
[Link "https://www.chess.com/game/live/91777840"]

1. a3 d5 2. b3 e5 3. Bb2 d4 4. g3 f5 5. Bg2 c6 6. Nf3 Bd6 7. Bh3 Nf6 8. Ng5 O-O 9. d3 Ng4 10. Qd2 Be7 11. Nf3 e4 12. Ne5 Nxe5 13. Bxd4 Qxd4 14. Nc3 Ng4 15. e3 Qe5 16. d4 Qf6 17. Na4 Na6 18. b4 c5 19. dxc5 Rd8 20. Qe2 Bd7 21. Nb2 b6 22. Rb1 bxc5 23. Qxa6 cxb4 24. Qc4+ Be6 25. Qe2 Qc3+ 26. Kf1 bxa3 27. Nd1 a2 28. Nxc3 Rac8 29. Nxa2 Bc4 30. Qxc4+ Rxc4 31. Kg2 Rxc2 32. Rb5 Rxf2+ 33. Kg1 Rxa2 34. Rxf5 Nxe3 35. Re5 Rd1+ 36. Bf1 Rxf1# 0-1

[Event "Live Chess"]
[Site "Chess.com"]
[Date "2011.01.26"]
[Round "-"]
[White "hipposcottimus"]
[Black "Tomdrasp"]
[Result "0-1"]
[CurrentPosition "2k4r/1pP1npp1/6bp/4p3/P2b1q2/8/4B1PP/7K w - -"]
[Timezone "UTC"]
[ECO "C55"]
[ECOUrl "https://www.chess.com/openings/Italian-Game-Anti-Fried-Liver-Defense"]
[UTCDate "2011.01.26"]
[UTCTime "23:51:09"]
[WhiteElo "1409"]
[BlackElo "1387"]
[TimeControl "600"]
[Termination "Tomdrasp won - game abandoned"]
[StartTime "23:51:09"]
[EndDate "2011.01.26"]
[EndTime "23:56:45"]
[Link "https://www.chess.com/game/live/91729527"]

1. e4 e5 2. Nf3 Nc6 3. Bc4 h6 4. d4 d6 5. dxe5 dxe5 6. Bd2 Bg4 7. O-O Nf6 8. Be2 Nxe4 9. Nc3 Bxf3 10. Nxe4 Bxe4 11. c4 Bc5 12. Kh1 Qf6 13. f3 Bg6 14. a3 O-O-O 15. b4 Be3 16. b5 Ne7 17. a4 Bxd2 18. c5 Bc3 19. b6 axb6 20. cxb6 Rxd1 21. bxc7 Rxa1 22. f4 Rxf1+ 23. Bxf1 Qxf4 24. Be2 Bd4 0-1

[Event "Live Chess"]
[Site "Chess.com"]
[Date "2011.01.26"]
[Round "-"]
[White "hipposcottimus"]
[Black "EvanLopez"]
[Result "1-0"]
[CurrentPosition "r3q2k/pp3p1p/2p2B2/3p1pQ1/8/2P5/PP3PPP/RN3RK1 b - -"]
[Timezone "UTC"]
[ECO "C41"]
[ECOUrl "https://www.chess.com/openings/Philidor-Defense-3.Bc4-Nf6"]
[UTCDate "2011.01.26"]
[UTCTime "22:50:33"]
[WhiteElo "1614"]
[BlackElo "1637"]
[TimeControl "60"]
[Termination "hipposcottimus won by checkmate"]
[StartTime "22:50:33"]
[EndDate "2011.01.26"]
[EndTime "22:52:03"]
[Link "https://www.chess.com/game/live/91714911"]

1. e4 e5 2. Nf3 d6 3. Bc4 Nf6 4. d4 exd4 5. Nxd4 Nc6 6. e5 Nxd4 7. exf6 Qxf6 8. c3 Nf5 9. O-O Be7 10. Qf3 O-O 11. Bd3 Nh6 12. Qe4 g6 13. Bxh6 c6 14. Bxf8 d5 15. Bxe7 Qg7 16. Qh4 Bf5 17. Bf6 Qf8 18. Be7 Qe8 19. Bxf5 gxf5 20. Qg5+ Kh8 21. Bf6# 1-0

[Event "Live Chess"]
[Site "Chess.com"]
[Date "2011.01.26"]
[Round "-"]
[White "hipposcottimus"]
[Black "samdvick"]
[Result "0-1"]
[CurrentPosition "6k1/4nqb1/p2r1rpp/5p2/2p2P2/2P3B1/P5PP/R2QR1K1 w - -"]
[Timezone "UTC"]
[ECO "B06"]
[ECOUrl "https://www.chess.com/openings/Modern-Defense-with-1-e4-2.d4-Bg7"]
[UTCDate "2011.01.26"]
[UTCTime "22:47:31"]
[WhiteElo "1605"]
[BlackElo "1706"]
[TimeControl "60"]
[Termination "samdvick won on time"]
[StartTime "22:47:31"]
[EndDate "2011.01.26"]
[EndTime "22:49:11"]
[Link "https://www.chess.com/game/live/91714031"]

1. e4 g6 2. d4 Bg7 3. e5 e6 4. Bf4 Ne7 5. Bg3 d5 6. f4 O-O 7. Bd3 f6 8. Nf3 f5 9. O-O Qe8 10. Ng5 h6 11. Nf3 c5 12. c3 c4 13. Bc2 Nbc6 14. Ba4 a6 15. b3 b5 16. bxc4 bxa4 17. cxd5 exd5 18. Qxa4 Bd7 19. Qd1 Na5 20. Na3 Nc4 21. Nxc4 dxc4 22. d5 Rd8 23. e6 Bxe6 24. d6 Rf6 25. Ne5 Bf7 26. Nxf7 Qxf7 27. Re1 Rdxd6 0-1